 Dungeon Crawl Stone Soup version 0.19-a0-816-geccf914 (webtiles) character file.

20 MrRokkomies the Grave Robber (level 2, 0/21 HPs)
             Began as a Vampire Necromancer on June 29, 2016.
             Slain by a jackal (1 damage)
             ... on level 1 of the Dungeon.
             The game lasted 00:02:12 (1855 turns).

MrRokkomies the Grave Robber (Vampire Necromancer)  Turns: 1855, Time: 00:02:13

Health: 0/21       AC:  2    Str:  7    XL:     2   Next: 58%
Magic:  0/5        EV: 12    Int: 17    God:
Gold:   20         SH:  0    Dex: 14    Spells: 2 memorised, 3 levels left

rFire  + . .     SeeInvis +     i - +0 short sword
rCold  + + .     Gourm    .     a - +0 robe
rNeg   + + +     Faith    .     (no shield)
rPois  +         Spirit   .     (no helmet)
rElec  .         Dismiss  .     (no cloak)
rCorr  .         Reflect  .     (no gloves)
SustAt .         Harm     .     (no boots)
MR     .....                    (no amulet)
Stlth  +++.......               (no ring)
                                d - ring of protection from fire

@: very slightly contaminated, regenerating slowly, not resistant to hostile
enchantments, fairly stealthy
A: fangs 3, see invisible, unbreathing
a: no special abilities


You were on level 1 of the Dungeon.
You were near bloodless.

You visited 1 branch of the dungeon, and saw 1 of its levels.

You collected 20 gold pieces.

Inventory:

Hand Weapons
 i - a +0 short sword (weapon)
Armour
 a - a +0 robe (worn)
Jewellery
 d - a ring of protection from fire (left hand)
Scrolls
 e - 2 scrolls of fog {unknown}
 f - a scroll of fear {unknown}
 g - 2 scrolls of remove curse {unknown}
Potions
 c - a potion of blood
Books
 b - a book of Necromancy

   Spells                             Type                      Level
   a - Pain                           Necromancy                   1
   b - Animate Skeleton               Necromancy                   1
   c - Vampiric Draining              Necromancy                   3
   d - Regeneration                   Charms/Necromancy            3
   e - Animate Dead                   Necromancy                   4
   f - Control Undead                 Necromancy                   4


   Skills:
 * Level 1.2 Fighting
 - Level 2.1 Dodging
 - Level 3.0 Stealth
 - Level 2.0 Spellcasting
 * Level 4.9 Necromancy


You had 3 spell levels left.
You knew the following spells:

 Your Spells              Type           Power        Failure   Level  Hunger
a - Pain                  Necr           ###.         2%          1    #......
b - Animate Skeleton      Necr           N/A          2%          1    #......


Dungeon Overview and Level Annotations

Branches:
Dungeon (1/15)

Altars:


Innate Abilities, Weirdness & Mutations

You heal slowly.
You have razor-sharp teeth.
You have supernaturally acute eyesight. (SInv)
You can survive without breathing.


Message History

Your bones ache.
The jackal barely misses you. The jackal closely misses you.
You hit the jackal.
The jackal is almost dead.
The jackal bites you.
* * * LOW HITPOINT WARNING * * *
Casting: Pain
Confirm with . or Enter, or press ? or * to list all spells.
Aiming: Pain
Press: ? - help, Shift-Dir - straight line, f/p - jackal
Aim: a jackal (almost dead, chance to defeat MR: 94%)
The jackal convulses in agony!
You kill the jackal!
The jackal bites you but does no damage.
Casting: Pain
Confirm with . or Enter, or press ? or * to list all spells.
Aiming: Pain
Press: ? - help, Shift-Dir - straight line, f - jackal
Aim: a jackal (chance to defeat MR: 94%)
The jackal convulses in agony!
The jackal bites you.
You die...

######
###########.##.#####......
....#####.................
#.............# #......
#.............####......
#....))>................
#####.......................
.........##h#.####..........
.........##h#.# #..........
.........##@#.# #..........
.........##.#.# #..........
S..########.#.# #.>........
## ... #.......... #..
#.......... .... #..........
.... #.......... !...#
#.......... ###########


You could see 2 jackals.

Vanquished Creatures
  2 dart slugs (D:1)
  2 bats (D:1)
  2 goblins (D:1)
  3 hobgoblins (D:1)
  2 jackals (D:1)
  3 kobolds (D:1)
  A rat (D:1)
15 creatures vanquished.

Notes
Turn   | Place    | Note
--------------------------------------------------------------
     0 | D:1      | MrRokkomies the Vampire Necromancer began the quest for the Orb.
     0 | D:1      | Reached XP level 1. HP: 13/13 MP: 3/3
   617 | D:1      | Reached skill level 1 in Fighting
   617 | D:1      | Reached XP level 2. HP: 1/21 MP: 0/5
   620 | D:1      | Learned a level 1 spell: Animate Skeleton
  1855 | D:1      | Slain by a jackal

Vault maps used:
D:1:      elethiomel_arrival_maze

Skill      XL: |  1 |
---------------+----+-----
Fighting       | 1 |  1.2
Dodging        | |  2.1
Stealth        | |  3.0
Spellcasting   | |  2.0
Necromancy     | |  4.9

Action                   || total
-------------------------++-------
Melee: Whip              ||    28
       Bite              ||     5
       Short sword       ||    26
 Cast: Pain              ||    22
       Animate Skeleton  ||     3
Armor: Robe              ||    24
Dodge: Dodged            ||    44
